 Dungeon Crawl Stone Soup version 0.29-a0-885-gb26ba3297d (webtiles) character file.

Game seed: 1621756892958775102

7781 Pooter the Skirmisher (level 11, -4/94 HPs)
             Began as a Minotaur Monk on July 21, 2022.
             Was the Champion of Lugonu.
             Slain by an ogre
             ... wielding a +0 giant club
             ... led by Lodul
              (17 damage)
             ... on level 10 of the Dungeon.
             The game lasted 01:11:44 (13525 turns).

Pooter the Skirmisher (Minotaur Monk)              Turns: 13525, Time: 01:11:44

Health: -4/94      AC: 15    Str: 26    XL:     11   Next: 1%
Magic:  14/14      EV:  8    Int:  7    God:    Lugonu [******]
Gold:   226        SH:  0    Dex: 19    Spells: 10/10 levels left

rFire   . . .      SeeInvis .   a - +5 halberd (distort) {!w}
rCold   . . .      Faith    .   (shield currently unavailable)
rNeg    . . .      Spirit   .   l - +2 plate armour
rPois   .          Reflect  .   (helmet restricted)
rElec   .          Harm     .   I - +0 cloak
rCorr   .          Rampage  .   X - +1 pair of gloves
Will    .....                   (no boots)
Stlth   ..........              (no amulet)
HPRegen 0.25/turn               O - +6 ring of strength
MPRegen 0.14/turn               y - +6 ring of dexterity

@: no status effects
A: horns 2, retaliatory headbutt
a: Renounce Religion, Depart the Abyss, Bend Space, Banish, Corrupt, Enter the
Abyss, Brand Weapon With Distortion


You were on level 10 of the Dungeon.
You worshipped Lugonu.
Lugonu was exalted by your worship.
You visited 2 branches of the dungeon, and saw 11 of its levels.
You also visited: Ossuary.

You collected 840 gold pieces.
You spent 614 gold pieces at shops.

Inventory:

Hand Weapons
 a - a +5 halberd of distortion (weapon) {!w}
   (You took it off a gnoll on level 5 of the Dungeon)
 b - a +2 vorpal arbalest
   (You bought it in a shop on level 1 of the Dungeon)
 r - a +0 shortbow
   (You bought it in a shop on level 1 of the Dungeon)
 G - a +0 war axe
   (You took it off an orc on level 3 of the Dungeon)
 H - a +2 whip of electrocution
   (You took it off a gnoll bouda on level 5 of the Dungeon)
 J - a +3 morningstar
   (You took it off a wight on level 5 of the Dungeon)
Missiles
 g - 27 poisoned darts
 K - 2 boomerangs
 Q - 86 stones (quivered)
 U - a throwing net {!f}
 V - 5 atropa-tipped darts
 W - a javelin
Armour
 l - a +2 plate armour (worn)
   (You took it off an orc warrior on level 9 of the Dungeon)
 I - a +0 cloak (worn)
   (You found it on level 4 of the Dungeon)
 X - a +1 pair of gloves (worn)
   (You found it on level 7 of the Dungeon)
Jewellery
 e - an amulet of faith {!P}
   (You found it on level 5 of the Dungeon)
 m - an amulet of magic regeneration
   (You found it on level 2 of the Dungeon)
 w - a ring of flight
   (You found it on level 4 of the Dungeon)
 y - a +6 ring of dexterity (right hand)
   (You found it on level 4 of the Dungeon)
 E - a +6 ring of intelligence
   (You found it on level 3 of the Dungeon)
 F - a ring of protection from fire
   (You found it on level 5 of the Dungeon)
 N - a ring of positive energy
   (You found it on level 3 of the Dungeon)
 O - a +6 ring of strength (left hand)
   (You found it on level 4 of the Dungeon)
Wands
 d - a wand of iceblast (4)
   (You found it on level 5 of the Dungeon)
 f - a wand of flame (25)
   (You took it off a kobold on level 6 of the Dungeon)
 u - a wand of paralysis (2)
   (You found it on level 9 of the Dungeon)
 x - a wand of acid (6)
   (You found it on level 6 of the Dungeon)
 z - a wand of mindburst (3)
   (You found it on level 8 of the Dungeon)
Scrolls
 k - 2 scrolls of poison {!r}
 o - 4 scrolls of immolation {!r}
 p - 2 scrolls of silence
 t - 7 scrolls of teleportation {@r4}
 v - a scroll of blinking
 A - a scroll of magic mapping
 B - 3 scrolls of fear
 D - a scroll of butterflies
 M - a scroll of vulnerability {!r}
Potions
 c - 2 potions of ambrosia
 h - a potion of heal wounds {@q2}
 j - a potion of flight
 n - 3 potions of mutation {!q}
 q - 4 potions of attraction {!q}
 s - 2 potions of degeneration {!q}
 C - 2 potions of brilliance {unknown}
 L - 4 potions of might
 P - 2 potions of berserk rage
 R - 3 potions of curing {@q1}
 S - a potion of resistance {unknown}
 T - a potion of haste {unknown}


   Skills:
 + Level 8.1 Fighting
 + Level 9.1(10.9) Axes
 * Level 9.3(10.9) Polearms
 * Level 9.5 Ranged Weapons
 - Level 3.2 Dodging
 - Level 1.5 Stealth
 + Level 6.0 Invocations
 + Level 4.8 Evocations


You had 10 spell levels left.
You didn't know any spells.
Your spell library contained the following spells:

 Spells                   Type           Power      Damage    Failure   Level
 Frozen Ramparts          Ice            0%         1d2       100%        3
 Tukima's Dance           Hex            0%         N/A       100%        3
 Ice Form                 Ice/Tmut       0%         N/A       100%        4
 Passage of Golubria      Tloc           0%         N/A       100%        4
 Summon Ice Beast         Ice/Summ       0%         N/A       100%        4
 Yara's Violent Unravell  Hex/Tmut       0%         3d3       100%        5


Dungeon Overview and Level Annotations

Branches:
Dungeon (10/15)            Temple (0/1) D:5             Orc (1/2) D:9
Ossuary (visited)
   Lair: D:8-11

Altars:
Elyvilon
Fedhas
Gozag
Kikubaaqudgha
Qazlal
Ru
Sif Muna
Uskayaw
Vehumet
Zin
Lugonu

Shops:
D:1 ?(?


Innate Abilities, Weirdness & Mutations

You have a pair of horns on your head.
You reflexively headbutt those who attack you in melee.


Message History

You are too injured to fight recklessly!
The ogre shouts!
You hear a shout! x2
Things that are here:
a +1 halberd of protection; 18 gold pieces An ogre comes into view.
It is wielding a +0 giant club.
The helpless Lodul fails to defend himself.
You hit Lodul but do no damage.
Space warps around Lodul.
You headbutt Lodul. The ogre closely misses you.
The helpless Lodul fails to defend himself.
You impale Lodul!!
Space warps around Lodul.
You headbutt Lodul.
The helpless Lodul fails to defend himself.
You slice Lodul!!
Space warps horribly around Lodul!
You kill Lodul!
Lugonu accepts your kill.
The ogre hits you with a +0 giant spiked club!
* * * LOW HITPOINT WARNING * * *
Your Invocations skill increases to level 6!
You hit the ogre.
The ogre blinks!
The ogre hits you with a +0 giant club!!
* * * LOW HITPOINT WARNING * * *
You impale the ogre!!
Space warps horribly around the ogre!!
You kill the ogre!
Lugonu accepts your kill.
Reach: a) +5 halberd (distort) {!w}
Aim: an ogre, wielding a +0 giant club (about 19% to evade your +5 halberd of distortion)
You reach to attack!
You puncture the ogre!
Space warps horribly around the ogre!!
You kill the ogre!
Lugonu accepts your kill.
You hear a shout!
An ogre comes into view. It is wielding a +0 giant club.
You have reached level 11!
Reach: a) +5 halberd (distort) {!w}
Aim: an ogre, wielding a +0 giant spiked club (about 19% to evade your +5 halberd of distortion)
You reach to attack!
You barely miss the ogre.
An ogre comes into view. It is wielding a +0 giant spiked club.
You puncture the ogre!
Space warps around the ogre.
You barely miss the ogre. The ogre barely misses you. You furiously retaliate!
You headbutt the ogre. The ogre hits you with a +0 giant club!
* * * LOW HITPOINT WARNING * * *
Unknown command.
You hit the ogre.
Space warps horribly around the ogre!!
You kill the ogre!
Lugonu accepts your kill.
You slice the ogre!!
Space warps around the ogre.
You headbutt the ogre.
You kill the ogre!
Lugonu accepts your kill.
You hear a shout!
The ogre hits you with a +0 giant club!
You die...

#)# #..†≈≈≈≈..# #.#####..
#.# #....≈≈≈≈.###........
#'## #...≈≈≈≈≈.##.)...##..
...# #....≈≈≈≈.##.....#
#..####....≈≈≈≈.##.....####
#............≈≈..).........
#..#####........)#.....###
...# #.<.....)O#.....#
...#####........@#######
................)#
.........#######.#
.........# #.# ...#######
#†# ...# ... .... .....
#... ....... #... ...≈...##


You could see an ogre.

Vanquished Creatures
  Lodul (D:10)
  A troll (D:9)
  5 yaks (D:7)
  A wyvern (D:10)
  A steam dragon (D:10)
  A basilisk (D:10)
  3 acid dragons
  5 water moccasins
  5 orc warriors
  2 ice beasts
  5 ogres
  A phantom (D:6)
  2 centaurs
  4 bullfrogs
  A kobold brigand (D:8)
  A necrophage (D:4)
  A gnoll sergeant (D:7)
  4 scorpions
  3 water moccasin zombies (Ossuary)
  19 wights
  3 howler monkeys
  An electric eel (D:10)
  3 centaur zombies (Ossuary)
  4 jellies
  7 orc priests
  3 gnoll boudas
  7 orc wizards
  2 scorpion zombies (Ossuary)
  2 iguanas
  2 ogre zombies (Ossuary)
  A mummy (D:7)
  17 gnolls
  7 adders
  3 white imps
  An ufetubus (D:7)
  2 adder zombies (Ossuary)
  A dart slug (D:1)
  5 worms
  41 orcs
  8 ball pythons
  4 endoplasms
  A giant cockroach (D:3)
  7 goblins
  8 hobgoblins
  5 jackals (D:4)
  3 quokkas
  5 bats
  3 frilled lizards
  3 gnoll zombies (Ossuary)
  3 goblin zombies (Ossuary)
  9 kobolds
  3 orc zombies (Ossuary)
  A rat (D:2)
241 creatures vanquished.

Vanquished Creatures (others)
  2 bushes (D:10)
  A fungus (D:6)
  27 plants (D:10)
  2 toadstools (D:6)
32 creatures vanquished.

Grand Total: 273 creatures vanquished

Notes
Turn   | Place    | Note
-------+----------+-------------------------------------------
     0 | D:1      | Pooter the Minotaur Monk began the quest for the Orb.
     0 | D:1      | Reached XP level 1. HP: 19/19 MP: 0/0
   121 | D:1      | Found a faded altar of an unknown god.
   124 | D:1      | Prayed at the altar of an unknown god.
   124 | D:1      | Became a worshipper of Lugonu the Unformed
   124 | D:1      | Reached * piety under Lugonu
   124 | D:1      | Reached ** piety under Lugonu
   124 | D:1      | Reached *** piety under Lugonu
   201 | D:1      | Found Umutow's Magic Scroll Emporium.
   250 | D:1      | Found Saykhup's Weapon Boutique.
   255 | D:1      | Reached XP level 2. HP: 27/27 MP: 1/1
   434 | D:1      | Reached skill level 1 in Invocations
   582 | D:1      | Found Zealynn's Magic Scroll Boutique.
   850 | D:1      | Bought a +0 shortbow for 33 gold pieces
   901 | D:1      | Reached **** piety under Lugonu
  1405 | D:2      | Reached XP level 3. HP: 33/33 MP: 2/2
  2006 | D:3      | Found an opulent altar of Gozag.
  2120 | D:3      | Reached skill level 1 in Ranged Weapons
  2243 | D:1      | Bought a scroll of identify for 20 gold pieces
  2243 | D:1      | Bought a scroll of identify for 20 gold pieces
  2471 | D:1      | Bought a scroll of identify for 20 gold pieces
  2629 | D:1      | Bought a scroll of identify for 20 gold pieces
  2854 | D:4      | Reached XP level 4. HP: 32/40 MP: 4/4
  3028 | D:4      | Noticed a necrophage
  3037 | D:4      | Killed a necrophage
  3038 | D:4      | Reached skill level 5 in Axes
  3038 | D:4      | Reached XP level 5. HP: 39/47 MP: 5/5
  3163 | D:1      | Bought a scroll of butterflies for 40 gold pieces
  3233 | D:4      | Found a shimmering blue altar of Sif Muna.
  3369 | D:4      | Reached XP level 6. HP: 35/53 MP: 6/6
  3795 | D:1      | Bought a scroll of fear for 40 gold pieces
  4167 | D:4      | Reached ***** piety under Lugonu
  4225 | D:5      | Entered Level 5 of the Dungeon
  4451 | D:5      | Found a hide-covered altar of Uskayaw.
  4456 | D:5      | Reached skill level 5 in Fighting
  4480 | D:5      | Reached XP level 7. HP: 39/61 MP: 8/8
  4623 | D:5      | Reached skill level 1 in Polearms
  4686 | D:5      | Found a staircase to the Ecumenical Temple.
  4718 | D:5      | Reached skill level 1 in Evocations
  4949 | D:5      | Reached skill level 5 in Ranged Weapons
  5086 | D:5      | Reached XP level 8. HP: 57/69 MP: 9/9
  5792 | D:1      | Bought a scroll of enchant weapon for 75 gold pieces
  5792 | D:1      | Bought a scroll of enchant weapon for 75 gold pieces
  6043 | D:6      | Found a radiant altar of Vehumet.
  6590 | D:6      | Found a stormy altar of Qazlal.
  6854 | D:1      | Bought a scroll of identify for 22 gold pieces
  6854 | D:1      | Bought a scroll of identify for 22 gold pieces
  7199 | D:7      | You fall into a shaft and drop 2 floors!
  7288 | D:8      | Reached skill level 5 in Polearms
  7488 | D:7      | Found a sand-covered staircase.
  7491 | D:7      | Reached XP level 9. HP: 54/75 MP: 11/11
  7496 | Ossuary  | Entered an ossuary
  7740 | Ossuary  | Noticed a silent spectre
  8155 | D:7      | Reached ****** piety under Lugonu
  8466 | D:1      | Bought a scroll of identify for 22 gold pieces
  9387 | D:7      | Found a sacrificial altar of Ru.
  9498 | D:7      | Found a white marble altar of Elyvilon.
  9534 | D:7      | Reached skill level 5 in Invocations
  9543 | D:7      | Reached XP level 10. HP: 23/86 MP: 12/12
 10147 | D:1      | Bought a +2 vorpal arbalest for 205 gold pieces
 11481 | D:9      | Found an ancient bone altar of Kikubaaqudgha.
 11539 | D:9      | Found a staircase to the Orcish Mines.
 11919 | Orc:1    | Entered Level 1 of the Orcish Mines
 11920 | Orc:1    | Noticed an orc sorcerer
 11994 | Orc:1    | Noticed an orc sorcerer
 11996 | Orc:1    | Noticed a sun demon
 12766 | D:9      | Found a blossoming altar of Fedhas.
 13078 | D:10     | Entered Level 10 of the Dungeon
 13126 | D:10     | Noticed Lodul
 13322 | D:10     | Found a glowing silver altar of Zin.
 13517 | D:10     | Killed Lodul
 13521 | D:10     | Reached XP level 11. HP: 23/94 MP: 14/14
 13525 | D:10     | Slain by an ogre

Illustrated notes

Levels and vault maps discovered:
D:1:      ncdulo_lavacross, layout_loops_ring, serial_shops,
          nicolae_shop_behind_doors, nicolae_diamond_shop, shop,
          hellmonk_ecumenical_altar_inner_sanctum,
          chequers_serial_rivers_micro_d
D:2:      layout_rooms
D:3:      layout_basic, nicolae_overflow_crystal_walls, serial_corexii_hall,
          corexii_hall_statues_t, corexii_hall_statues_u, st_stairs_14
D:4:      layout_basic, overflow_temple_1_default, minmay_close_crescents
D:5:      layout_basic, nicolae_uskayaw_dance_hall, minmay_temple_entry_arrows,
          serial_bayou_pond_a
D:6:      minmay_evil_eye, layout_rooms, mainiacjoe_overflow_24_doors,
          vehumet_altar_wand_db, minmay_gold_behind_fungi
D:7:      layout_basic, mainiacjoe_overflow_alcove_4, lemuel_crystal_altar,
          gup_ossuary_entry_pyramid
D:8:      layout_loops_corners, kennysheep_generic_room_4
D:9:      layout_cave_pods, amcnicky_altar_gilded, fedhas_altar_1,
          minmay_orc_entry_temple_small
D:10:     layout_basic, grunt_dithmenos_shadows, kennysheep_mini,
          minmay_lair_entry_grove, hangedman_decor_slide_cut, uniq_lodul
Orc:1:    layout_caves, serial_shops, nicolae_lakefront_shop

Skill      XL: |  1  2  3  4  5  6  7  8  9 10 |
---------------+-------------------------------+-----
Axes           | 4 5 6 7 8 9 |  9.1
Invocations    | 1 2 3 4 5 6 |  6.0
Fighting       | 4 5 6 7 8 |  8.1
Ranged Weapons | 1 2 3 4 5 6 8 9 |  9.5
Polearms       | 3 5 7 9 |  9.3
Evocations     | 1 2 3 4 |  4.8
Dodging        | |  3.2
Stealth        | |  1.5

Action                   |  1- 3 |  4- 6 |  7- 9 | 10-12 || total
-------------------------+-------+-------+-------+-------++-------
Melee: Hand axe          |    18 |       |       |       ||    18
       Punch             |     1 |       |       |       ||     1
       Quarterstaff      |    48 |       |       |       ||    48
       Headbutt          |     7 |     7 |    31 |    11 ||    56
       War axe           |     8 |    41 |       |       ||    49
       Halberd           |       |       |   214 |   118 ||   332
 Fire: Shortbow          |    35 |    60 |    41 |       ||   136
       Arbalest          |       |       |       |    35 ||    35
Throw: Javelin           |       |     3 |       |     2 ||     5
       Stone             |       |     1 |     3 |     5 ||     9
Invok: Bend Space        |       |       |     1 |     1 ||     2
Evoke: Wand              |       |     5 |       |     5 ||    10
  Use: Scroll            |     5 |     3 |    11 |     3 ||    22
       Potion            |       |     2 |       |       ||     2
 Stab: Sleeping          |     1 |       |       |       ||     1
       Paralysed         |       |       |       |     3 ||     3
       Distracted        |       |       |       |     2 ||     2
Armor: Robe              |     4 |       |       |       ||     4
       Ring mail         |    23 |     4 |       |       ||    27
       Scale mail        |       |     9 |     9 |       ||    18
       Chain mail        |       |       |    77 |    12 ||    89
       Plate armour      |       |       |       |    50 ||    50
Dodge: Dodged            |    58 |    27 |    78 |    51 ||   214

Table legend: (Time is in decaauts)
 A = Elapsed time spent in this place.
 B = Non-inter-level travel time spent in this place.
 C = Inter-level travel time spent in this place.
 D = Time resting spent in this place.
 E = Time spent auto-exploring this place.
 F = Levels seen in this place.
 G = Mean time per level.
                   A        B        C        D        E       F      G
               +--------+--------+--------+--------+--------+-----+--------+
         Total |  13694 |  11850 |   1844 |   3604 |   6202 |  12 | 1141.2 |
       Dungeon |  13392 |  11548 |   1844 |   3509 |   6202 |  10 | 1339.2 |
  Orcish Mines |      6 |      6 |      0 |      0 |      0 |   1 |    6.0 |
       Ossuary |    295 |    295 |      0 |     95 |      0 |   1 |  295.0 |
               +--------+--------+--------+--------+--------+-----+--------+

Top non-repeatable levels by time:
     D:1: 1996 daAuts
     D:8: 1875 daAuts
     D:7: 1685 daAuts
     D:5: 1627 daAuts
     D:6: 1408 daAuts
     D:9: 1406 daAuts
     D:4: 1371 daAuts
     D:3: 829 daAuts
     D:2: 823 daAuts
    D:10: 369 daAuts
 Ossuary: 295 daAuts
   Orc:1: 6 daAuts
